 Dungeon Crawl Stone Soup version 0.20-b1-18-gaa2fd62 (webtiles) character file.

175 miragecloak the Changer (level 5, -3/33 HPs)
             Began as an Octopode Transmuter on May 24, 2017.
             Killed from afar by a dart slug (5 damage)
             ... with a slug dart
             ... on level 3 of the Dungeon.
             The game lasted 00:03:00 (3233 turns).

miragecloak the Changer (Octopode Transmuter)       Turns: 3233, Time: 00:03:01

Health: -3/33      AC:  2    Str:  9    XL:     5   Next: 55%
Magic:  5/8        EV: 20    Int: 15    God:
Gold:   100        SH:  0    Dex: 19    Spells: 4/8 levels left

rFire    . . .     SeeInvis .     - Unarmed
rCold    . . .     Gourm    .   (shield currently unavailable)
rNeg     . . .     Faith    .   (helmet currently unavailable)
rPois    x         Spirit   .   (no amulet)
rElec    .         Reflect  .   (no ring)
rCorr    .         Harm     .   (no ring)
MR       .....                  (no ring)
Stlth    ++........             (no ring)
Regen    0.2/turn               (no ring)
MPRegen  0.2/turn               (no ring)
                                (no ring)
                                (no ring)

@: spider-form
A: almost no armour, stealthy swim, (amphibious), 8 rings, (constrict 8)
a: End Transformation


You were on level 3 of the Dungeon.
You were near starving.
You were a venomous arachnid creature.
You visited 1 branch of the dungeon, and saw 4 of its levels.

You collected 100 gold pieces.

Inventory:

Missiles
 a - 70 arrows
Jewellery
 k - an uncursed ring of poison resistance {unknown}
 r - an uncursed amulet of rage {unknown}
Wands
 s - a wand of iceblast (8/15)
Scrolls
 d - 5 scrolls of identify {unknown}
 e - a scroll of remove curse {unknown}
 f - 3 scrolls of noise {unknown}
 g - a scroll of teleportation {unknown}
Potions
 j - a potion of cancellation {unknown}
 l - a potion of degeneration {unknown}
 m - a potion of heal wounds {unknown}
 n - a potion of might {unknown}
 o - a potion of magic {unknown}
 p - 2 potions of curing
 q - a potion of ambrosia {unknown}
Books
 b - a book of Changes

   Spells                             Type                      Level
   a - Beastly Appendage              Transmutation                1
   b - Sticks to Snakes               Transmutation                2
   c - Spider Form                    Transmutation/Poison         3
   d - Ice Form                       Ice/Transmutation            4
   e - Blade Hands                    Transmutation                5
Comestibles
 c - 5 bread rations
 h - 4 fruits
 i - a meat ration


   Skills:
 - Level 1.0 Fighting
 - Level 2.0 Dodging
 + Level 3.5 Unarmed Combat
 - Level 2.0 Spellcasting
 - Level 4.1 Transmutations
 - Level 3.5 Poison Magic


You had 4 spell levels left.
You knew the following spells:

 Your Spells              Type           Power        Failure   Level  Hunger
a - Beastly Appendage     Tmut           ##....       13%         1    #......
b - Spider Form           Tmut/Pois      ##........   32%         3    ###....


Dungeon Overview and Level Annotations

Branches:
Dungeon (4/15)
 Temple: D:4-7

Altars:
Makhleb
Okawaru
Yredelemnul


Innate Abilities, Weirdness & Mutations

You cannot wear most types of armour.
You are very stealthy in the water. (Stealth+)
((You are amphibious.))
You can wear up to eight rings at the same time.
((You can use your tentacles to constrict eight enemies at once.))
((Your skin changes colour to match your surroundings (Stealth+).))
((Your rubbery body absorbs attacks. (AC +1, EV +1)))


Message History

You barely miss the gnoll.
The gnoll is moderately wounded.
The gnoll barely misses you.
You hit the gnoll.
The gnoll looks as sick as possible!
The gnoll is severely wounded.
The gnoll hits you but does no damage.
You hit the gnoll but do no damage.
The gnoll looks as sick as possible!
The gnoll is severely wounded.
The gnoll closely misses you.
You completely miss the gnoll.
The gnoll is severely wounded.
You kill the gnoll!
You hit the dart slug.
The dart slug is moderately wounded.
The dart slug completely misses you.
You hit the dart slug.
The dart slug is heavily wounded.
The dart slug launches a dart at you. The slug dart hits you!
You die...

##.#####
############......#####
#......................
#.#...>#####.#####.####
#.#....# #..# #..#
#.#....####.## ##.###
#.###).>.##.# #...#
#..#..##.##.# ###..
#.....sw.)..# ###
##).#....##..#### #
#......#........########
##.###..#######....#.....
#..# #.## #.##.......
#.####.## #.###......
#.##....# #.####.....
##.##....#######..######..
###..##.....................


You could see a dart slug.

Vanquished Creatures
  A jelly (D:3)
  An orc wizard (D:3)
  2 gnolls
  2 adders (D:3)
  An ooze (D:2)
  A worm (D:3)
  2 dart slugs (D:1)
  A leopard gecko (D:1)
  5 orcs (D:3)
  9 bats
  3 giant cockroaches
  2 goblins (D:1)
  4 hobgoblins
  8 jackals
  4 kobolds (D:3)
  A ball python (D:1)
  4 frilled lizards (D:1)
  19 rats
70 creatures vanquished.

Notes
Turn   | Place    | Note
-------+----------+-------------------------------------------
     0 | D:1      | miragecloak the Octopode Transmuter began the quest for the Orb.
     0 | D:1      | Reached XP level 1. HP: 13/13 MP: 3/3
    49 | D:1      | Reached XP level 2. HP: 16/18 MP: 3/5
   128 | D:1      | Reached skill level 3 in Transmutations
   576 | D:1      | Reached XP level 3. HP: 23/23 MP: 3/6
   781 | D:2      | Learned a level 3 spell: Spider Form
  1782 | D:3      | Reached skill level 4 in Transmutations
  1782 | D:3      | Reached skill level 1 in Poison Magic
  1782 | D:3      | Reached XP level 4. HP: 24/28 MP: 3/7
  2366 | D:3      | Reached XP level 5. HP: 10/33 MP: 5/8
  2911 | D:3      | Found a basalt altar of Yredelemnul.
  2911 | D:3      | Found a burning altar of Makhleb.
  2913 | D:3      | Found an iron altar of Okawaru.
  3233 | D:3      | Killed from afar by a dart slug

Skill      XL: |  1  2  3  4 |
---------------+-------------+-----
Transmutations | 3 4 |  4.1
Poison Magic   | 1 3 |  3.5
Fighting       | |  1.0
Dodging        | |  2.0
Unarmed Combat | |  3.5
Spellcasting   | |  2.0

Action                   |  1- 3 |  4- 6 || total
-------------------------+-------+-------++-------
Melee: Unarmed           |    85 |    82 ||   167
       Kick              |    13 |       ||    13
       Constrict         |    17 |     1 ||    18
       Tentacles         |     8 |     2 ||    10
 Cast: Beastly Appendage |    22 |       ||    22
       Spider Form       |     6 |    17 ||    23
  Use: Potion            |       |     1 ||     1
 Stab: Sleeping          |     5 |     2 ||     7
  Eat: Chunk             |     4 |     5 ||     9
Armor: Skin              |     6 |     5 ||    11
Dodge: Dodged            |    54 |    70 ||   124
